 Dungeon Crawl Stone Soup version 0.31-a0-986-g5e6e4ef867 (webtiles) character file.

Game seed: 9053191971625557140

4174 strifetoe the Destroyer (level 10, -1/84 HPs)
             Began as a Meteoran Earth Elementalist on Nov 24, 2023.
             Was a Believer of Sif Muna.
             Succumbed to a hornet's poison
             ... on level 9 of the Dungeon.
             The game lasted 00:27:15 (3208 turns).

strifetoe the Destroyer (MeEE)                      Turns: 3208, Time: 00:27:15

Health: -1/84      AC: 10    Str:  7 (10) XL:     10   Next: 82%
Magic:  3/18       EV: 13    Int: 19 (21) God:    Sif Muna [**....]
Gold:   302        SH:  0    Dex: 16 (18) Spells: 6/19 levels left

rFire   . . .        m - +2 dagger (protect)
rCold   + . .        (no shield)
rNeg    . . .        x - +2 leather armour {rC+}
rPois   +            g - +2 hat
rElec   .            c - +2 cloak
rCorr   .            (no gloves)
SInv    +            (no boots)
Will    ++...        (no amulet)
Stlth   +            u - ring of flight
HPRegen 0.34/turn    j - ring "Gaotul" {rPois Will+ Dex+3 SInv}
MPRegen 0.16/turn

%: no passive effects
@: lethally poisoned (-1 -> -12), about to teleport, flying, slowed, glowing,
very slow
A: sense surroundings 2, otherworldly, glowing, explore regen
a: Renounce Religion, Channel Magic


You were on level 9 of the Dungeon.
You worshipped Sif Muna.
Sif Muna was pleased with you.
You visited 2 branches of the dungeon, and saw 10 of its levels.

You collected 302 gold pieces.

Inventory:

Hand Weapons
 h - a +0 dagger
 m - a +2 dagger of protection (weapon)
Armour
 a - a +0 robe
 c - a +2 cloak (worn)
 g - a +2 hat (worn)
 x - a +2 leather armour of cold resistance (worn)
 y - a +2 ring mail of cold resistance
Magical Staves
 i - a staff of death
Jewellery
 j - the ring "Gaotul" (right hand) {rPois Will+ Dex+3 SInv}
   (You acquired it on level 5 of the Dungeon)

   [ring of poison resistance]

   Dex+3:     It affects your dexterity (+3).
   rPois:     It protects you from poison Will+: It increases your willpower.
   SInv:      It lets you see invisible.
 u - a ring of flight (left hand)
Wands
 n - a wand of roots (7)
 o - a wand of flame (59)
Scrolls
 q - a scroll of butterflies {unknown}
 r - a scroll of fear
 t - a scroll of enchant weapon
Potions
 b - a potion of magic
 d - 2 potions of resistance
 e - a potion of haste
 k - 3 potions of brilliance
 l - a potion of lignification
 p - a potion of mutation
 s - a potion of cancellation


   Skills:
 - Level 6.6 Fighting
 - Level 5.0 Dodging
 - Level 1.4 Stealth
 - Level 5.1 Spellcasting
 - Level 10.5 Conjurations
 + Level 6.1 Summonings
 - Level 1.2 Transmutations
 + Level 6.2 Air Magic
 - Level 5.1 Earth Magic


You had 6 spell levels left.
You knew the following spells:

 Your Spells              Type           Power      Damage    Failure   Level
a - Sandblast             Erth           48%        2d12      2%          1
b - Stone Arrow           Conj/Erth      68%        3d11      2%          3
c - Iskenderun's Battles  Conj           44%        2d10      7%          5
d - Summon Lightning Spi  Summ/Air       28%        N/A       14%         4

Your spell library contained the following spells:

 Spells                   Type           Power      Damage    Failure   Level
 Magic Dart               Conj           100%       1d8       1%          1
 Summon Small Mammal      Summ           100%       N/A       1%          1
 Static Discharge         Conj/Air       72%        3-6/arc   1%          2
 Call Imp                 Summ           56%        N/A       2%          2
 Mephitic Cloud           Conj/Pois/Air  26%        N/A       5%          3
 Passwall                 Tmut/Erth      14%        N/A       8%          2
 Brom's Barrelling Bould  Conj/Erth      34%        2d5       8%          4
 Airstrike                Air            14%        2d(2-18)  14%         4
 Apportation              Tloc           8%         N/A       19%         1
 Necrotise                Necr           16%        1d4       19%         1
 Petrify                  Tmut/Erth      17%        N/A       45%         4
 Tukima's Dance           Hex            4%         N/A       50%         3
 Fireball                 Conj/Fire      12%        3d7       52%         5
 Conjure Ball Lightning   Conj/Air       18%        3x3d6     67%         6
 Passage of Golubria      Tloc           4%         N/A       88%         4
 Yara's Violent Unravell  Hex/Tmut       3%         3d4       99%         5
 Orb of Destruction       Conj           22%        9d8       91%         7


Dungeon Overview and Level Annotations

Branches:
Dungeon (9/15) Zot: 2057   Temple (1/1) D:6 Zot: 570
   Lair: D:8-11         Orc: D:9-12

Altars:
Ashenzari
Cheibriados
Elyvilon
Fedhas
Gozag
Hepliaklqana
Kikubaaqudgha
Makhleb
Nemelex Xobeh
Okawaru
Qazlal
Ru
Sif Muna
Trog
Uskayaw
Vehumet
Wu Jian
Xom
Yredelemnul
Zin
The Shining One

Shops:
D:2 :

Annotations:
D:4 Edmund


Innate Abilities, Weirdness & Mutations

You passively map the area around you.
You are easily found by Zot.
You glow in the dark.
You regain HP and MP as you explore.


Message History

Aiming: Sandblast (safe; 1% risk of failure)
Press: ? - help, Shift-Dir - straight line, f - hornet, p - orc warrior
Aim: a hornet (74% to hit)
The blast of sand misses the hornet.
Your battlesphere fires!
The barrage of energy hits the hornet!
The hornet is heavily wounded.
An orc wizard comes into view. It is wielding a +0 dagger.
The orc warrior shoots an arrow.
The arrow misses you.
As you read the scroll of teleportation, it crumbles to dust.
You feel strangely unstable.
An orc wizard comes into view. It is wielding a +2 dagger of venom.
The hornet stings you but does no damage.
The orc warrior shoots an arrow.
The arrow closely misses your battlesphere.
The arrow misses you.
It was a potion of curing.
You feel better. The hornet stings you!
The orc warrior shoots an arrow.
The arrow barely misses you.
The hornet stings you but does no damage.
It was a potion of degeneration.
There was something very wrong with that liquid.
You feel weakened.
You feel dopey.
You feel clumsy. The hornet stings you!
* * * LOW HITPOINT WARNING * * *
You are poisoned.
An orc wizard comes into view. It is wielding a +0 dagger.
An acid dragon comes into view.
An orc wizard comes into view. It is wielding a +0 dagger.
The orc wizard casts a spell at you.
The magic dart hits you but does no damage.
The hornet stings you!
* * * LOW HITPOINT WARNING * * *
The orc warrior shoots an arrow.
The arrow hits you!
* * * LOW HITPOINT WARNING * * *
The hornet stings you.
* * * LOW HITPOINT WARNING * * *
You feel yourself slow down.
Unknown command.
Unknown command.
You die...

* ############ * ,
*########## #...........,
, , .........#
#..o........, , ,
.........###^......[... ,,
.....)y..§D......*..... ,
......###'##.......#...#..
, .....
*.8..#..y......#...#.
....,
#....+..y@...#...#...# ,,
...
,#....#..l..#...#...#..,*,
.. ,
######.......#...#...#., ,
#
,.......o.#o..#...#...#,,
, ,
##.....o...#...#...#..,
**>,
,#####...#...#...#...# , ,
, #..o..#...#...#..,, *
#..o#.o.#...#...#. , ,,
#.....#...#...#....


You could see 2 hornets, an orc warrior, a wyvern, an acid dragon, an orc
priest, 4 orc wizards, an orc and a friendly battlesphere.

Vanquished Creatures
  Pikel (D:7)
  A troll (D:6)
  Grinder (D:6)
  A wraith (D:9)
  Sigmund (D:4)
  2 ice beasts
  A sky beast (D:7)
  2 orc warriors
  3 ogres (D:7)
  3 centaurs (D:7)
  2 phantoms
  A lemure (D:7)
  2 kobold brigands
  3 bullfrogs
  4 howler monkeys
  6 hounds
  6 gnoll boudas (D:7)
  An orc priest (D:9)
  A jelly (D:5)
  4 iguanas
  5 orc wizards
  5 sleepcaps
  Natasha (twice) (D:3)
  10 gnolls (D:7)
  8 adders
  4 ufetubi
  4 dart slugs
  A worm (D:4)
  15 orcs
  7 endoplasms
  2 giant cockroaches
  5 goblins
  5 hobgoblins
  6 quokkas
  4 ball pythons
  4 bats
  2 frilled lizards (D:3)
  13 kobolds
  A rat (D:1)
149 creatures vanquished.

Vanquished Creatures (collateral kills)
  2 orc warriors (D:7)
  An ice beast (D:7)
  A kobold brigand (D:7)
  An orc (D:7)
  A kobold (D:7)
6 creatures vanquished.

Grand Total: 155 creatures vanquished

Notes
Turn   | Place    | Note
-------+----------+-------------------------------------------
     0 | D:1      | strifetoe the Meteoran Earth Elementalist began the quest
                  | for the Orb.
     0 | D:1      | Reached XP level 1. HP: 14/14 MP: 5/5
   145 | D:2      | Reached XP level 2. HP: 6/20 MP: 0/7
   234 | D:3      | Noticed Natasha
   243 | D:3      | Killed Natasha
   244 | D:3      | Reached XP level 3. HP: 12/26 MP: 2/9
   244 | D:3      | Reached XP level 4. HP: 15/33 MP: 2/10
   248 | D:3      | Learned a level 3 spell: Stone Arrow
   250 | D:3      | Found an iron altar of Okawaru.
   288 | D:3      | Found a sacrificial altar of Ru.
   576 | D:1      | Reached skill level 5 in Earth Magic
   617 | D:2      | Reached XP level 5. HP: 38/38 MP: 10/12
   665 | D:2      | Found Qyxzu's Book Emporium.
   779 | D:2      | Reached skill level 1 in Conjurations
   860 | D:3      | Found a faded altar of an unknown god.
   885 | D:3      | Found an ornate altar of the Wu Jian Council.
   976 | D:3      | Noticed Natasha
   979 | D:3      | Reached skill level 1 in Fighting
   980 | D:3      | Killed Natasha
   981 | D:3      | Reached skill level 2 in Conjurations
  1111 | D:4      | Reached XP level 6. HP: 47/47 MP: 10/13
  1190 | D:4      | Noticed Sigmund
  1198 | D:4      | Killed Sigmund
  1199 | D:4      | Reached skill level 3 in Conjurations
  1199 | D:4      | Reached XP level 7. HP: 45/56 MP: 7/14
  1309 | D:5      | Entered Level 5 of the Dungeon
  1378 | D:5      | Noticed Edmund
  1421 | D:5      | Reached skill level 4 in Conjurations
  1466 | D:4      | Found a white marble altar of Elyvilon.
  1506 | D:5      | Reached XP level 8. HP: 57/66 MP: 1/15
  1519 | D:5      | You fall into a shaft and drop 1 floor!
  1577 | D:6      | Reached skill level 5 in Conjurations
  1602 | D:6      | Reached skill level 5 in Dodging
  1614 | D:6      | Found a staircase to the Ecumenical Temple.
  1621 | Temple   | Entered the Ecumenical Temple
  1636 | Temple   | Became a worshipper of Sif Muna the Loreminder
  1662 | D:6      | Noticed Grinder
  1670 | D:6      | Killed Grinder
  1671 | D:6      | Reached skill level 5 in Fighting
  1748 | D:5      | Reached skill level 6 in Conjurations
  1826 | D:5      | Gained mutation: You passively map the area around you.
                  | [Meteoran growth]
  1826 | D:5      | Reached XP level 9. HP: 75/75 MP: 11/16
  1847 | D:5      | Identified a scroll of acquirement
  1847 | D:5      | Acquired the ring "Gaotul" {rPois Will+ Dex+3 SInv}
  1920 | D:6      | Learned a level 5 spell: Iskenderun's Battlesphere
  1992 | D:6      | Reached skill level 7 in Conjurations
  2097 | D:7      | Found a stormy altar of Qazlal.
  2158 | D:7      | Reached skill level 8 in Conjurations
  2178 | D:7      | Reached * piety under Sif Muna
  2200 | D:7      | Noticed Pikel
  2210 | D:7      | Killed Pikel
  2211 | D:7      | Reached skill level 10 in Conjurations
  2295 | D:7      | Reached XP level 10. HP: 80/84 MP: 10/17
  2310 | D:7      | Learned a level 4 spell: Summon Lightning Spire
  2347 | D:6      | Reached skill level 1 in Summonings
  2347 | D:6      | Reached skill level 1 in Air Magic
  2454 | D:6      | Reached skill level 5 in Spellcasting
  2722 | D:7      | Reached skill level 5 in Summonings
  2722 | D:7      | Reached skill level 5 in Air Magic
  2823 | D:7      | Reached ** piety under Sif Muna
  3142 | D:9      | Identified the of Sedaumm
  3207 | D:9      | HP: 3/84 [orc warrior/arrow (8)]
  3208 | D:9      | Succumbed to a hornet's poison

Illustrated notes

Levels and vault maps discovered:
D:1:      lemuel_arrival_lava_pool, layout_basic, minmay_hexomino_p4
D:2:      layout_loops_cross, serial_shops, nicolae_shop_behind_doors,
          grunt_decor_fettered
D:3:      layout_basic, nicolae_wu_jian_immortal_techniques,
          mainiacjoe_overflow_catch_the_wave, chequers_ecumenical_altar_simple,
          nrook_uturn, uniq_natasha
D:4:      minmay_skewed_foursquare, layout_loops_ring,
          mainiacjoe_overflow_alcove_4, minmay_cupped, uniq_sigmund
D:5:      layout_cave_pools, uniq_edmund
D:6:      layout_cave_pools, minmay_temple_entry_statues_pillars,
          kennysheep_generic_room_5, uniq_grinder
D:7:      kennysheep_seaside_town, layout_basic, grunt_qazlal_clouds, uniq_pikel
D:8:      layout_basic, lemuel_round_altar, uniq_prince_ribbit1
D:9:      lemuel_ice_statue, layout_irregular_city, lair_entry_dummy,
          orc_0_dummy, amcnicky_mini_corridor_feature, hex_medium
Temple:   compressed_dpeg_triangle_lava_temple

Skill      XL: |  1  2  3  4  5  6  7  8  9 10 |
---------------+-------------------------------+-----
Spellcasting   | 3 4 5 |  5.1
Earth Magic    | 4 5 |  5.1
Conjurations   | 2 3 4 6 10 | 10.5
Fighting       | 1 2 3 5 6 |  6.6
Dodging        | 3 4 5 |  5.0
Summonings     | 6 |  6.1
Air Magic      | 6 |  6.2
Stealth        | |  1.4
Transmutations | |  1.2

Action                     |  1- 3 |  4- 6 |  7- 9 | 10-12 || total
---------------------------+-------+-------+-------+-------++-------
  Melee: Dagger            |       |     4 |    34 |    28 ||    66
         Punch             |       |       |     1 |     1 ||     2
   Cast: Sandblast         |    21 |    44 |    93 |    81 ||   239
         Stone Arrow       |       |     5 |    40 |     5 ||    50
         Iskenderun's Batt |       |       |       |     9 ||     9
         Summon Lightning  |       |       |       |     6 ||     6
    Use: Scroll            |       |     9 |     7 |     4 ||    20
         Potion            |       |       |     2 |     2 ||     4
 Armour: Robe              |    24 |    18 |   109 |    52 ||   203
         Leather armour    |       |       |       |    25 ||    25
  Dodge: Dodged            |    24 |    20 |   116 |    80 ||   240

Table legend: (Time is in decaauts)
 A = Elapsed time spent in this place.
 B = Non-inter-level travel time spent in this place.
 C = Inter-level travel time spent in this place.
 D = Time resting spent in this place.
 E = Time spent auto-exploring this place.
 F = Levels seen in this place.
 G = Mean time per level.
                   A        B        C        D        E       F      G
               +--------+--------+--------+--------+--------+-----+--------+
         Total |   3372 |   3320 |     52 |      8 |      1 |  10 |  337.2 |
       Dungeon |   3342 |   3290 |     52 |      8 |      1 |   9 |  371.3 |
        Temple |     29 |     29 |      0 |      0 |      0 |   1 |   29.0 |
               +--------+--------+--------+--------+--------+-----+--------+

Top non-repeatable levels by time:
     D:7: 772 daAuts
     D:3: 593 daAuts
     D:6: 471 daAuts
     D:2: 457 daAuts
     D:4: 370 daAuts
     D:5: 288 daAuts
     D:8: 204 daAuts
     D:1: 104 daAuts
     D:9: 80 daAuts
  Temple: 29 daAuts
